 Dungeon Crawl Stone Soup version 0.21-a0-110-g8e1637b (webtiles) character file.

123 MackTheKnife the Cudgeler (level 4, -7/35 HPs)
             Began as a Demonspawn Chaos Knight on July 7, 2017.
             Asphyxiated
             ... on level 3 of the Dungeon.
             The game lasted 00:02:32 (1676 turns).

MackTheKnife the Cudgeler (Demonspawn Chaos Knight) Turns: 1676, Time: 00:02:32

Health: -7/35      AC:  5    Str: 13    XL:     4   Next: 80%
Magic:  4/4        EV: 11    Int: 13    God:    Xom [*.....]
Gold:   167        SH:  0    Dex: 13    Spells: 3/3 levels left

rFire    . . .     SeeInvis .   a - +0 mace (chaos)
rCold    . . .     Gourm    .   (no shield)
rNeg     . . .     Faith    .   b - +2 leather armour
rPois    .         Spirit   .   (no helmet)
rElec    .         Reflect  .   (no cloak)
rCorr    .         Harm     .   (no gloves)
MR       .....                  (no boots)
Stlth    ++........             (no amulet)
HPRegen  0.11/turn              (no ring)
MPRegen  0.09/turn              (no ring)

@: lethally poisoned (-7 -> -31), slowed, very slow
A: nightstalker 1, powered by death 1
a: Renounce Religion


You were on level 3 of the Dungeon.
You worshipped Xom.
You were a special plaything of Xom.
You were hungry.

You visited 1 branch of the dungeon, and saw 3 of its levels.

You collected 167 gold pieces.

Inventory:

Hand Weapons
 a - a +0 mace of chaos (weapon)
Armour
 b - a +2 leather armour (worn)
 f - a +0 shield
   (You found it on level 1 of the Dungeon)
Scrolls
 d - 2 scrolls of identify
 e - 2 scrolls of remove curse {unknown}
 g - a scroll of fear {unknown}
 i - 3 scrolls of teleportation
 k - a scroll of enchant armour
 m - 2 scrolls of recharging
 o - a scroll of magic mapping {unknown}
 p - a scroll of enchant weapon {unknown}
Potions
 j - 2 potions of curing
Comestibles
 c - 2 bread rations {@e1}
 h - 3 meat rations {@e2}


   Skills:
 - Level 3.0 Fighting
 + Level 5.1 Maces & Flails
 - Level 1.7 Armour
 - Level 0.8 Dodging


You had 3 spell levels left.
You didn't know any spells.

Dungeon Overview and Level Annotations

Branches:
Dungeon (3/15)

Altars:

Annotations:
D:2 exclusion: Sigmund, Sigmund
D:3 Grinder, Natasha


Innate Abilities, Weirdness & Mutations

You are slightly more attuned to the shadows.
You regenerate a little health from kills.


Message History

e - 2 scrolls labeled RUBBUG UCASHRO (gained 1)
Found a stone staircase leading down.
An adder skeleton comes into view.
An adder skeleton is nearby!
An adder skeleton is nearby!
Search for what [? for help]? mace Natasha, Servant of Life and Death comes into view.
Natasha casts a spell at you. You resist with some effort.
Unknown command.
Xom calls forth mighty explosions.
The fireball engulfs Natasha.
The fireball engulfs the adder skeleton.
The adder skeleton is destroyed!
You are now a special plaything of Xom.
A giant cockroach comes into view.
Natasha drinks a potion.
Natasha suddenly seems more agile.
Unknown command.
An adder comes into view.
Natasha closely misses you.
Unknown command.
You closely miss Natasha.
The adder hisses angrily.
The giant cockroach barely misses you. Natasha claws you.
The giant cockroach barely misses you.
You take 1 damage, and have 34/35 hp.
You hit Natasha.
You kill Natasha!
Natasha yowls pathetically as she dies!
Your Maces & Flails skill increases to level 5!
The giant cockroach closely misses you.
Health restored: 35 You closely miss the giant cockroach.
The giant cockroach barely misses you. x2
You hit the adder.
The adder is poisoned.
The adder misses you. The giant cockroach barely misses you.
You hit the adder. The adder bites you but does no damage.
The giant cockroach bites you but does no damage.
The adder bites you.
A hobgoblin comes into view. It is wielding a club.
You take 3 damage, and have 32/35 hp.
You closely miss the adder.
The hobgoblin shouts!
The giant cockroach bites you. The adder closely misses you.
The giant cockroach closely misses you.
You take 2 damage, and have 30/35 hp.
You closely miss the adder. The adder bites you.
The giant cockroach bites you but does no damage.
You take 1 damage, and have 29/35 hp.
Grinder shouts!
You hit the adder.
You kill the adder!
The giant cockroach bites you but does no damage.
You closely miss the giant cockroach.
The giant cockroach barely misses you. x2
You barely miss the giant cockroach.
Xom guffaws.
The giant cockroach bites you.
You take 1 damage, and have 28/35 hp.
You swap places.
The hobgoblin hits you with a club.
The giant cockroach waves its antennae.
The giant cockroach closely misses you.
You see here an adder corpse.
You take 2 damage, and have 26/35 hp.
The hobgoblin closely misses your butterfly.
The hobgoblin barely misses your butterfly.
The giant cockroach bites you but does no damage. "Let's go for a ride!"
Your surroundings suddenly seem different.
Natasha, Servant of Life and Death comes into view.
Natasha casts a spell at you. The magic dart hits you!
Found an escape hatch in the ceiling.
A kobold, 3 orcs and an orc priest come into view.
You take 9 damage, and have 18/35 hp.
MASSIVE DAMAGE!!
The orc shouts!
The orc priest moves out of view.
Natasha casts a spell.
Xom momentarily opens a gate.
The kobold unwields an uncursed short sword.
The kobold wields a blowgun.
The kobold shoots a curare-tipped needle.
The curare-tipped needle hits you.
You are poisoned.
You have difficulty breathing.
You feel yourself slow down.
You take 6 damage, and have 12/35 hp.
Unknown command.
Unknown command.
* * * LOW HITPOINT WARNING * * *
You feel sick.
Natasha stares at you and mumbles some strange words.
The magic dart hits you!
* * * LOW HITPOINT WARNING * * *
The kobold shoots a curare-tipped needle.
The curare-tipped needle hits you.
You are more poisoned.
You have difficulty breathing.
You die...
Xom giggles madly!

..##.#.oo.
.......
#.........
.......
.....o...
.......
#####........
.......
#..K..o......
.......
#......5.....
.......
#............
....?.
#....#.5h....
####.#@.5....
#...55......
#####.......
..<.....
#.......
...?....
#.......
..........


You could see Natasha, a crimson imp, 2 orcs, a kobold, 2 friendly iron imps, a
friendly white imp (wandering) and a friendly shadow imp.

Vanquished Creatures
  Natasha (D:3)
  5 adders
  An ooze (D:1)
  2 worms (D:2)
  5 dart slugs
  A leopard gecko (D:2)
  3 giant cockroaches (D:1)
  4 goblins
  9 hobgoblins
  3 jackals (D:2)
  4 bats
  3 frilled lizards (D:1)
  2 kobolds
  8 rats
51 creatures vanquished.

Vanquished Creatures (others)
  An adder skeleton (D:3)
1 creature vanquished.

Grand Total: 52 creatures vanquished

Notes
Turn   | Place    | Note
-------+----------+-------------------------------------------
     0 | D:1      | MackTheKnife the Demonspawn Chaos Knight began the quest for the Orb.
     0 | D:1      | Reached XP level 1. HP: 18/18 MP: 1/1
    44 | D:1      | Reached skill level 3 in Maces & Flails
    76 | D:1      | Gained mutation: You are slightly more attuned to the shadows. [demonic ancestry]
    76 | D:1      | Reached XP level 2. HP: 24/24 MP: 2/2
   270 | D:1      | Reached XP level 3. HP: 19/29 MP: 3/3
   490 | D:1      | Reached skill level 4 in Maces & Flails
   757 | D:2      | XOM: harmless Tmut miscast
   827 | D:2      | Noticed Sigmund
   863 | D:2      | Found a faded altar of an unknown god.
  1030 | D:2      | Gained mutation: You regenerate a little health from kills. [demonic ancestry]
  1030 | D:2      | Reached XP level 4. HP: 35/35 MP: 4/4
  1529 | D:2      | XOM: cloud trail
  1559 | D:3      | Noticed Grinder
  1624 | D:3      | XOM: noise
  1655 | D:3      | Noticed Natasha
  1655 | D:3      | XOM: destruction
  1660 | D:3      | Killed Natasha
  1660 | D:3      | Reached skill level 5 in Maces & Flails
  1668 | D:3      | XOM: cast spell 'Summon Butterflies'
  1673 | D:3      | XOM: 1-stop teleportation journey
  1674 | D:3      | Noticed Natasha
  1675 | D:3      | XOM: summons 4 friendly demons
  1676 | D:3      | HP: 1/35 [Natasha/magic dart (9)]
  1676 | D:3      | Asphyxiated

Vault maps used:
D:1:      dpeg_arrival_concentric_ovals
D:2:      chequers_ecumenical_altar_island, uniq_sigmund
D:3:      uniq_grinder, uniq_crazy_yiuf_cottage, uniq_natasha

Skill      XL: |  1  2  3  4 |
---------------+-------------+-----
Maces & Flails | 3 4 5 |  5.1
Fighting       | |  3.0
Armour         | |  1.7
Dodging        | |  0.8

Action                   |  1- 3 |  4- 6 || total
-------------------------+-------+-------++-------
Melee: Mace              |   115 |    60 ||   175
  Use: Potion            |     3 |       ||     3
       Scroll            |       |     3 ||     3
 Stab: Sleeping          |     3 |     2 ||     5
       Paralysed         |     1 |       ||     1
  Eat: Chunk             |       |     2 ||     2
Armor: Leather armour    |    32 |    35 ||    67
Dodge: Dodged            |    68 |    54 ||   122

Vault maps used:
D:1:      dpeg_arrival_concentric_ovals
D:2:      chequers_ecumenical_altar_island, uniq_sigmund
D:3:      uniq_grinder, uniq_crazy_yiuf_cottage, uniq_natasha

Table legend:
 A = Turns spent in this place as a percentage of turns spent in the entire game.
 B = Non-inter-level travel turns spent in this place as a percentage of non-inter-level travel turns spent in the entire game.
 C = Inter-level travel turns spent in this place as a percentage of turns spent in this place.
 D = Turns resting spent in this place as a percentage of non-inter-level travel turns spent in this place.
 E = Turns spent auto-exploring this place as a percentage of non-inter-level travel turns spent in this place.
 F = Non-inter-level travel turns spent in this place divided by the number of levels of this place that you've seen.
                   A       B       C       D       E      F
               +-------+-------+-------+-------+-------+----------------------
         Total | 100.0 | 100.0 |   0.7 |   0.5 |  13.4 | 194.7
       Dungeon | 100.0 | 100.0 |   0.7 |   0.5 |  13.4 | 194.7
               +-------+-------+-------+-------+-------+----------------------

Table legend:
 A = Kills in this place as a percentage of kills in entire the game.
 B = Kills by you in this place as a percentage of kills by you in the entire game.
 C = Kills by friends in this place as a percentage of kills by friends in the entire game.
 D = Other kills in this place as a percentage of other kills in the entire game.
 E = Experience gained in this place as a percentage of experience gained in the entire game.
 F = Experience gained in this place divided by the number of levels of this place that you have seen.
                   A       B       C       D       E      F
               +-------+-------+-------+-------+-------+----------------------
         Total | 100.0 | 100.0 |  -nan |  -nan | 100.0 |  59.0
       Dungeon | 100.0 | 100.0 |  -nan |  -nan | 100.0 |  59.0
               +-------+-------+-------+-------+-------+----------------------
